 Dungeon Crawl Stone Soup version 0.29-a0-350-g7790a0e70a (webtiles) character file.

Game seed: 17624309914046624383

1400 enile the Nimble (level 8, -1/64 HPs)
             Began as a Barachi Wanderer on Apr 23, 2022.
             Was a Follower of Cheibriados.
             Slain by an ice beast (9 damage)
             ... on level 6 of the Dungeon.
             The game lasted 00:15:53 (6927 turns).

enile the Nimble (Barachi Wanderer)                 Turns: 6927, Time: 00:15:53

Health: -1/64      AC:  5    Str: 13    XL:     8   Next: 69%
Magic:  7/9        EV: 15    Int: 21    God:    Cheibriados [*.....]
Gold:   274        SH:  0    Dex: 14    Spells: 2/9 levels left

rFire   . . .      SeeInvis .   k - +1 battleaxe
rCold   . . .      Faith    .   (shield currently unavailable)
rNeg    . . .      Spirit   .   c - +0 robe
rPois   +          Reflect  .   (no helmet)
rElec   .          Harm     .   n - +2 cloak {Will+}
rCorr   .          Rampage  .   (no gloves)
Will    +....                   (no boots)
Stlth   +.........              o - amulet of regeneration
HPRegen 1.00/turn               (no ring)
MPRegen 0.11/turn               (no ring)

@: very slow
A: amphibious, slowness 1, strong legs 1, +LOS, hooves 1, agile 1, poison
resistance
a: Hop, Renounce Religion, Bend Time


You were on level 6 of the Dungeon.
You worshipped Cheibriados.
Cheibriados was aware of your devotion.
You visited 2 branches of the dungeon, and saw 7 of its levels.

You collected 274 gold pieces.

Inventory:

Hand Weapons
 a - a +0 dagger
 b - a +4 halberd of freezing
 i - a +2 whip of draining
 k - a +1 battleaxe (weapon)
 m - a +2 hand axe of venom
 p - a +4 quarterstaff of chaos
Armour
 c - a +0 robe (worn)
 d - a +0 cloak
 n - a +2 cloak of willpower (worn)
 r - a +0 buckler
Jewellery
 o - an amulet of regeneration (around neck)
 u - the amulet "Qasaschuk" {RegenMP rN+ SInv Stlth-}
   (You found it on level 6 of the Dungeon)

   [amulet of magic regeneration]

   It increases your rate of magic regeneration.
   rN:        It protects you from negative energy.
   SInv:      It lets you see invisible.
   Stlth:     It makes you less stealthy.
Scrolls
 g - 3 scrolls of enchant weapon
 h - a scroll of fear
 j - a scroll of vulnerability
 l - 3 scrolls of silence
 q - a scroll of summoning {unknown}
 s - a scroll of teleportation
 t - a scroll of fog {unknown}
Potions
 e - 4 potions of curing
 f - a potion of haste


   Skills:
 - Level 6.0 Fighting
 - Level 4.0 Axes
 - Level 1.2 Armour
 - Level 8.0 Dodging
 - Level 3.0 Shields
 - Level 1.1 Spellcasting
 + Level 5.7 Translocations
 - Level 3.0 Ice Magic


You had 2 spell levels left.
You knew the following spells:

 Your Spells              Type           Power      Damage    Failure   Level
a - Freeze                Ice            52%        1d7       4%          1
b - Gell's Gravitas       Tloc           25%        N/A       4%          3
c - Teleport Other        Tloc           25%        N/A       4%          3

Your spell library contained the following spells:

 Spells                   Type           Power      Damage    Failure   Level
 Apportation              Tloc           50%        N/A       1%          1
 Animate Skeleton         Necr           2%         N/A       16%         1
 Pain                     Necr           4%         1d4       16%         1
 Ozocubu's Armour         Ice            13%        N/A       14%         3
 Passage of Golubria      Tloc           25%        N/A       16%         4
 Vampiric Draining        Necr           1%         2d6       43%         3
 Summon Ice Beast         Ice/Summ       7%         N/A       65%         4
 Dispersal                Tloc           12%        N/A       93%         6
 Iskenderun's Battlesphe  Conj           1%         2d6       99%         5
 Summon Mana Viper        Hex/Summ       1%         N/A       99%         5
 Iron Shot                Conj/Erth      0%         9d1       100%        6
 Monstrous Menagerie      Summ           0%         N/A       100%        7
 Spellforged Servitor     Conj/Summ      0%         N/A       100%        7


Dungeon Overview and Level Annotations

Branches:
Dungeon (6/15)             Temple (1/1) D:5

Altars:
Ashenzari
Cheibriados
Dithmenos
Elyvilon
Gozag
Kikubaaqudgha
Makhleb
Nemelex Xobeh
Okawaru
Qazlal
Ru
Sif Muna
Trog
Uskayaw
Vehumet
Wu Jian
Xom
Yredelemnul
Zin
The Shining One

Shops:
D:3 =


Innate Abilities, Weirdness & Mutations

You are amphibious.
You cover ground slowly.
You can hop short distances.
You have an extended range of vision and can be seen from far away.
You have large cloven feet.
You are agile. (Dex +2)
Your system is resistant to poisons. (rPois)


Message History

You are very lightly contaminated with residual magic.
Nothing appears to happen.
You hit the ice beast. Your kick misses the ice beast.
The ice beast is lightly wounded.
The ice beast closely misses you.
You hit the ice beast. Your kick misses the ice beast.
The ice beast is lightly wounded.
The ice beast hits you but does no damage.
The ice beast completely misses you.
You hit the ice beast. You kick the ice beast.
The ice beast is moderately wounded.
The ice beast barely misses you.
You slash the ice beast! Your kick misses the ice beast.
The ice beast is severely wounded.
The ice beast closely misses you. The ice beast hits you.
The ice beast freezes you!
Your magical contamination has completely faded away.
You hit the ice beast.
The ice beast is almost dead.
The ice beast closely misses you.
You barely miss the ice beast.
You kick the ice beast, but do no damage.
The ice beast is almost dead.
The ice beast hits you. The ice beast freezes you! The ice beast hits you.
The ice beast freezes you!
You are too injured to fight recklessly!
You are too injured to fight recklessly!
You are too injured to fight recklessly!
You are too injured to fight recklessly!
You are too injured to fight recklessly!
You barely miss the ice beast.
The ice beast is severely wounded.
The ice beast hits you. The ice beast freezes you!
* * * LOW HITPOINT WARNING * * *
You closely miss the ice beast. You kick the ice beast.
The ice beast is almost dead.
The ice beast hits you.
* * * LOW HITPOINT WARNING * * *
The ice beast freezes you!
You die...

# .# #.# # .#.## #+#
#### .... #... ...#
#.## ##..# .. #
#.#####...### .....##
........... ........
#...Y.# .. .....
#.###.##@# . ..###
#........# #####.####
#.# #+# #.# #.# ###
#.############.# #..
#.##........##.## #.#
#........##.#...###.#
####.###.##......##.#


You could see an ice beast.

Vanquished Creatures
  A water moccasin (D:5)
  2 phantoms
  A necrophage (D:3)
  2 scorpions
  A bullfrog (D:6)
  5 wights
  A howler monkey (D:5)
  Crazy Yiuf (D:3)
  A gnoll shaman (D:5)
  4 hounds
  4 iguanas
  Terence (D:3)
  Ijyb (D:3)
  An orc wizard (D:6)
  6 gnolls
  5 adders
  A shadow imp (D:6)
  An ufetubus (D:5)
  2 worms
  2 dart slugs
  12 orcs
  15 ball pythons
  4 bats
  7 endoplasms
  2 giant cockroaches
  6 goblins
  4 hobgoblins (D:4)
  8 jackals
  9 kobolds
  4 quokkas
  2 frilled lizards
  6 rats
122 creatures vanquished.

Vanquished Creatures (collateral kills)
  Jessica (D:3)
1 creature vanquished.

Vanquished Creatures (others)
  5 fungi (D:3)
  2 plants (D:4)
7 creatures vanquished.

Grand Total: 130 creatures vanquished

Notes
Turn   | Place    | Note
-------+----------+-------------------------------------------
     0 | D:1      | enile the Barachi Wanderer began the quest for the Orb.
     0 | D:1      | enile set off with the following items: a +0 dagger, a
                  | scroll of blinking, a +0 robe, a +0 cloak; and the
                  | following spells available to memorise: Apportation,
                  | Freeze, Gell's Gravitas, Passage of Golubria, Ozocubu's
                  | Armour
     0 | D:1      | Reached XP level 1. HP: 13/13 MP: 2/2
     3 | D:1      | Learned a level 1 spell: Freeze
    66 | D:1      | Reached skill level 1 in Fighting
   473 | D:1      | Reached XP level 2. HP: 17/22 MP: 1/3
   728 | D:1      | Found a faded altar of an unknown god.
   742 | D:1      | Prayed at the altar of an unknown god.
   742 | D:1      | Became a worshipper of Xom of Fickle Intent
  1652 | D:2      | Reached XP level 3. HP: 29/29 MP: 2/4
  1900 | D:2      | XOM: confusion (+ monsters)
  2157 | D:2      | Learned a level 3 spell: Gell's Gravitas
  2389 | D:2      | Reached XP level 4. HP: 35/35 MP: 1/5
  2681 | D:3      | XOM: give mutations
  2681 | D:3      | Gained mutation: Your system is resistant to poisons.
                  | (rPois) [Xom's grace]
  2681 | D:3      | Gained mutation: You are agile. (Dex +2) [Xom's grace]
  2681 | D:3      | Gained mutation: You have large cloven feet. [Xom's grace]
  2727 | D:3      | Noticed a necrophage
  2766 | D:3      | Killed a necrophage
  2767 | D:3      | Reached skill level 4 in Dodging
  2767 | D:3      | Reached XP level 5. HP: 27/41 MP: 1/6
  2959 | D:3      | Noticed Ijyb
  2964 | D:3      | Identified a scroll of acquirement
  2965 | D:3      | Acquired a There-And-Back Book
  2987 | D:3      | Killed Ijyb
  3155 | D:3      | Noticed Terence
  3155 | D:3      | XOM: enchant monster (good)
  3159 | D:3      | Killed Jessica
  3190 | D:3      | Killed Terence
  3346 | D:3      | XOM: god gift: scroll labelled NUVUINI VYSCHA {god gift}
  3471 | D:3      | Found Kocweup's Jewellery Shoppe.
  3480 | D:3      | Reached skill level 5 in Fighting
  3480 | D:3      | Reached XP level 6. HP: 41/51 MP: 7/7
  3484 | D:3      | Learned a level 3 spell: Teleport Other
  3617 | D:3      | XOM: cast spell 'Statue Form'
  3624 | D:3      | Reached skill level 1 in Axes
  3739 | D:3      | Found a runed translucent door.
  3740 | D:3      | Noticed Crazy Yiuf
  4043 | D:3      | XOM: silly message
  4145 | D:3      | XOM: divination: detect items
  4149 | D:3      | Killed Crazy Yiuf
  4156 | D:3      | XOM: divination: detect items
  4364 | D:4      | XOM: god gift: book of Beasts
  4411 | D:4      | XOM: confuse monster(s)
  4787 | D:5      | Entered Level 5 of the Dungeon
  4913 | D:5      | XOM: god gift: runed dagger {god gift}
  4943 | D:5      | Reached XP level 7. HP: 58/58 MP: 8/8
  4975 | D:5      | Reached skill level 5 in Dodging
  5055 | D:5      | Found a staircase to the Ecumenical Temple.
  5121 | Temple   | Entered the Ecumenical Temple
  5135 | Temple   | XOM: 6-stop teleportation journey
  5279 | Temple   | Fell from the grace of Xom
  5279 | Temple   | Became a worshipper of Cheibriados the Contemplative
  5525 | D:4      | Found a stormy altar of Qazlal.
  5525 | D:4      | Found an opulent altar of Gozag.
  5525 | D:4      | Found a sparkling altar of Nemelex Xobeh.
  5548 | D:5      | HP: 2/48 [wight/+0 great sword (8)]
  5552 | D:4      | Reached skill level 6 in Dodging
  5715 | D:5      | Found a burning altar of Makhleb.
  5842 | D:5      | Reached XP level 8. HP: 61/63 MP: 9/9
  5957 | D:5      | XOM: noise
  6266 | D:6      | Reached * piety under Cheibriados
  6324 | D:6      | XOM: scenery: create altars
  6332 | D:6      | Identified the amulet "Qasaschuk" {RegenMP rN+ SInv Stlth-}
  6375 | D:6      | Reached skill level 7 in Dodging
  6716 | D:5      | Reached skill level 8 in Dodging
  6927 | D:6      | Slain by an ice beast

Illustrated notes

Levels and vault maps discovered:
D:1:      sevenhm_arrival_forest_fort_large_1, layout_basic,
          ebering_ecumenical_altar_box
D:2:      layout_basic, nicolae_wormholes
D:3:      layout_basic, serial_shops, shop, uniq_ijyb, uniq_jessica,
          uniq_terence, uniq_crazy_yiuf_cottage
D:4:      wad_lake_hut, layout_cave_pools, minitemple
D:5:      lemuel_ice_spiral_2, layout_basic,
          mainiacjoe_overflow_surrounded_room, minmay_temple_entry_large_hall,
          roderic_roman_lattice
D:6:      layout_loops_corners, nzn_hepliaklqana_mist_gate, serial_shops, shop,
          uniq_maggie
Temple:   eino_temple_scatter_basement

Skill      XL: |  1  2  3  4  5  6  7  8 |
---------------+-------------------------+-----
Fighting       | 2 3 5 6 |  6.0
Ice Magic      | 3 |  3.0
Dodging        | 4 6 8 |  8.0
Axes           | 2 4 |  4.0
Shields        | 3 |  3.0
Armour         | |  1.2
Spellcasting   | |  1.1
Translocations | |  5.7

Action                   |  1- 3 |  4- 6 |  7- 9 || total
-------------------------+-------+-------+-------++-------
Melee: Dagger            |    52 |       |       ||    52
       Whip              |    20 |    21 |       ||    41
       Punch             |     2 |     4 |     2 ||     8
       Hand axe          |       |   114 |    64 ||   178
       Kick              |       |    24 |    36 ||    60
       Battleaxe         |       |       |    57 ||    57
Throw: Throwing net      |       |       |     2 ||     2
 Cast: Freeze            |    45 |    23 |     9 ||    77
       Gell's Gravitas   |     2 |     1 |     6 ||     9
       Teleport Other    |       |       |     6 ||     6
 Abil: Hop               |     1 |       |     4 ||     5
  Use: Scroll            |     2 |     8 |     3 ||    13
       Potion            |     1 |       |       ||     1
 Stab: Sleeping          |       |     2 |       ||     2
Armor: Robe              |    37 |    44 |    36 ||   117
       Skin              |       |     4 |       ||     4
Dodge: Dodged            |    85 |   103 |   122 ||   310
Block: Buckler           |       |       |    15 ||    15

Table legend: (Time is in decaauts)
 A = Elapsed time spent in this place.
 B = Non-inter-level travel time spent in this place.
 C = Inter-level travel time spent in this place.
 D = Time resting spent in this place.
 E = Time spent auto-exploring this place.
 F = Levels seen in this place.
 G = Mean time per level.
                   A        B        C        D        E       F      G
               +--------+--------+--------+--------+--------+-----+--------+
         Total |   8110 |   7502 |    608 |    447 |   5697 |   7 | 1158.6 |
       Dungeon |   7894 |   7340 |    554 |    447 |   5551 |   6 | 1315.7 |
        Temple |    215 |    161 |     54 |      0 |    146 |   1 |  215.0 |
               +--------+--------+--------+--------+--------+-----+--------+

Top non-repeatable levels by time:
     D:3: 1822 daAuts
     D:1: 1730 daAuts
     D:5: 1423 daAuts
     D:4: 1203 daAuts
     D:2: 1066 daAuts
     D:6: 648 daAuts
  Temple: 215 daAuts
